 Dungeon Crawl Stone Soup version 0.30.2 (webtiles) character file.

Game seed: 1103033674186254670

56 porpoise the Slasher (level 3, -3/28 HPs)
             Began as a Demonspawn Gladiator on Jan 26, 2024.
             Slain by a scorpion (6 damage)
             ... on level 2 of the Dungeon.
             The game lasted 00:03:58 (1098 turns).

porpoise the Slasher (Demonspawn Gladiator)         Turns: 1098, Time: 00:03:59

Health: -3/28      AC:  3    Str: 14      XL:     3   Next: 71%
Magic:  3/3        EV: 12    Int:  8 (9)  God:
Gold:   88         SH:  0    Dex: 16      Spells: 2/2 levels left

rFire   . . .        a - +0 long sword
rCold   . . .        (no shield)
rNeg    . . .        b - +0 leather armour
rPois   .            (helmet restricted)
rElec   .            (no cloak)
rCorr   .            (no gloves)
SInv    .            (no boots)
Will    .....        (no amulet)
Stlth   ++           (no ring)
HPRegen 0.24/turn    (no ring)
MPRegen 0.08/turn

%: no passive effects
@: lethally poisoned (-3 -> -11), hasted, very quick
A: horns 1, foul stench 1, deterioration 1, wild magic 1
a: no special abilities


You were on level 2 of the Dungeon.
You visited 1 branch of the dungeon, and saw 2 of its levels.

You collected 88 gold pieces.

Inventory:

Hand Weapons
 a - a +0 long sword (weapon)
Missiles
 d - 3 throwing nets (quivered)
 e - a javelin
 l - 3 boomerangs
Armour
 b - a +0 leather armour (worn)
 c - a +0 helmet
Jewellery
 k - an amulet of magic regeneration
 m - a ring of magical power
Scrolls
 i - a scroll of fog {unknown}
 j - a scroll of identify {unknown}
 n - a scroll of blinking {unknown}
Potions
 g - a potion of brilliance
 h - a potion of attraction
 p - a potion of ambrosia {unknown}


   Skills:
 + Level 2.7 Fighting
 * Level 3.5 Long Blades
 - Level 1.7 Throwing
 - Level 2.6 Dodging
 + Level 1.4 Stealth


You had 2 spell levels left.
You didn't know any spells.
Your spell library contained the following spells:

 Spells                   Type           Power      Damage    Failure   Level
 Cigotuvi's Dreadful Rot  Necr/Pois/Air  0%         N/A       71%         2
 Dispel Undead            Necr           0%         3d6       100%        4
 Death Channel            Necr           0%         N/A       100%        6


Dungeon Overview and Level Annotations

Branches:
Dungeon (2/15)

Altars:

Shops:
D:1 =


Innate Abilities, Weirdness & Mutations

You have a pair of small horns on your head.
You may rarely emit foul miasma when damaged in melee.
Your body sometimes deteriorates upon taking damage.
Your spells are a little harder to cast, but a little more powerful.


Message History

You kill the goblin!
No target in view!
An endoplasm and a scorpion come into view.
It was a potion of mutation.
You feel extremely strange.
You feel yourself wasting away.
You feel less in control of your magic.
It was a potion of haste.
You feel yourself speed up.
You slash the scorpion!
The scorpion is heavily wounded.
The scorpion stings you.
You barely miss the scorpion.
The scorpion is heavily wounded.
The scorpion completely misses you.
You closely miss the scorpion.
The scorpion is heavily wounded.
The scorpion stings you.
You hit the scorpion but do no damage.
The scorpion is heavily wounded.
The scorpion stings you.
You are poisoned.
The scorpion poisons you!
You barely miss the scorpion.
The scorpion is heavily wounded.
You feel very sick. The scorpion stings you.
Your body deteriorates!
You feel dopey.
You are lethally poisoned!
The scorpion poisons you!
You barely miss the scorpion.
The scorpion is heavily wounded.
You feel sick. The scorpion stings you.
* * * LOW HITPOINT WARNING * * *
You hit the scorpion.
The scorpion is almost dead.
* * * LOW HITPOINT WARNING * * *
You feel sick. The scorpion closely misses you.
You hit the scorpion but do no damage.
The scorpion is almost dead.
* * * LOW HITPOINT WARNING * * *
You feel sick. The scorpion stings you.
You die...

#.# #.####..# ...
#.##....# ..#
#.##.##.# #.##.##.#
..#. #.......# #.#.
####.#### #.#.######
#.#
.........########.#
#.##.###.....s@...#
###.##.###..#########
...)##.#....#
#.......#.##
#.###.....# #.
####### #. #. J.


You could see a scorpion.

Vanquished Creatures
  2 adders (D:2)
  A dart slug (D:2)
  5 bats
  7 endoplasms (D:1)
  A giant cockroach (D:1)
  5 goblins
  3 hobgoblins (D:1)
  5 ball pythons (D:1)
  4 frilled lizards (D:1)
  3 rats (D:1)
36 creatures vanquished.

Notes
Turn   | Place    | Note
-------+----------+-------------------------------------------
     0 | D:1      | porpoise the Demonspawn Gladiator began the quest for the
                  | Orb.
     0 | D:1      | Reached XP level 1. HP: 16/16 MP: 1/1
   112 | D:1      | Found Xuqufume's Jewellery Emporium.
   226 | D:1      | Reached skill level 3 in Long Blades
   387 | D:1      | Gained mutation: You may rarely emit foul miasma when
                  | damaged in melee. [demonic ancestry]
   387 | D:1      | Reached XP level 2. HP: 18/22 MP: 2/2
   535 | D:1      | Reached skill level 1 in Stealth
   620 | D:1      | Gained mutation: You have a pair of small horns on your
                  | head. [demonic ancestry]
   620 | D:1      | Reached XP level 3. HP: 28/28 MP: 3/3
   899 | D:2      | HP: 1/28 [adder (2)]
  1075 | D:2      | Noticed a scorpion
  1089 | D:2      | Gained mutation: Your body sometimes deteriorates upon
                  | taking damage. [potion of mutation]
  1089 | D:2      | Gained mutation: Your spells are a little harder to cast,
                  | but a little more powerful. [potion of mutation]
  1098 | D:2      | Slain by a scorpion

Illustrated notes

Levels and vault maps discovered:
D:1:      saegor_arrival_simple_c, layout_loops_cross, serial_shops, shop,
          st_stairs_1, minmay_misc_feat_iff, chequers_serial_rivers_micro_c
D:2:      layout_loops_cross, hellmonk_ecumenical_altar_lost_god, serial_shops,
          nicolae_shop_just_a_little_nook

Skill      XL: |  1  2 |
---------------+-------+-----
Long Blades    | 3 |  3.5
Stealth        | 1 |  1.4
Fighting       | |  2.7
Throwing       | |  1.7
Dodging        | |  2.6

Action                     || total
---------------------------++-------
  Melee: Long sword        ||   125
         Headbutt          ||     3
    Use: Potion            ||     5
   Stab: Sleeping          ||     1
 Armour: Leather armour    ||    53
  Dodge: Dodged            ||   104
